Map: [ESL] NeoHumanity

Players

SpeCial

  • Race: Terran Terran
  • Spawn Location: 5:00

Astrea - Winner!

  • Race: Protoss Protoss
  • Spawn Location: 11:00

Event: ESL SC2 Masters 2023 Summer (Regionals)

VOD

Have the link to the VOD?

Description

Time

  • Played on: May 20, 2023, 2:27 p.m.
  • Length: 17:08

All games in this series

Show
View Real Time Build Order
Export as new Build Order

SpeCial Terran 

Build Orders:  

Get SALT Encoding   

  12  0:00  SCV  
  13  0:12  SCV  
  14  0:17  Supply Depot  
  14  0:24  SCV  
  15  0:39  SCV, Barracks  
  16  0:44  Refinery  
  16  0:51  SCV  
  16  0:52  Refinery  
  17  1:03  SCV  
  18  1:04  Supply Depot  
  18  1:15  SCV  
  19  1:27  Reaper  
  19  1:29  Orbital Command  
  20  1:43  Factory  
  21  1:54  SCV  
  21  1:59  Reaper  
  22  2:06  SCV  
  23  2:18  SCV  
  24  2:24  Command Center  
  24  2:33  Starport  
  24  2:40  SCV, Widow Mine  
  24  2:41  Barracks Reactor  
  27  2:47  Supply Depot  
  27  2:53  SCV  
  28  3:02  Widow Mine  
  28  3:05  SCV  
  31  3:09  Medivac  
  33  3:17  SCV, Marine x2  
  36  3:24  Widow Mine  
  38  3:29  SCV  
  39  3:35  Marine x2  
  39  3:36  Orbital Command  
  39  3:38  Bunker  
  42  3:41  SCV  
  42  3:42  Starport Tech Lab  
  42  3:46  Factory Tech Lab  
  42  3:53  SCV, Marine x2  
  45  4:01  Supply Depot  
  47  4:03  Raven  
  47  4:06  SCV  
  46  4:11  Marine x2  
  46  4:12  SCV  
  46  4:15  Siege Tank  
  52  4:18  SCV  
  52  4:24  SCV  
  52  4:27  Supply Depot  
  52  4:29  Marine x2  
  54  4:33  SCV  
  54  4:36  SCV  
  56  4:39  Liberator  
  59  4:45  SCV  
  59  4:46  Marine  
  59  4:47  Marine  
  59  4:48  SCV  
  57  4:58  SCV, Supply Depot  
  58  5:01  SCV, Siege Tank  
  58  5:04  Marine x2  
  64  5:10  SCV  
  64  5:13  SCV, Barracks  
  66  5:19  Barracks  
  66  5:22  Supply Depot, SCV, Marine x2  
  66  5:25  SCV  
  70  5:29  Refinery  
  70  5:31  Engineering Bay  
  70  5:34  SCV  
  71  5:37  Siege Tank  
  71  5:40  Marine x2  
  77  5:42  SCV  
  77  5:45  Supply Depot  
  77  5:46  SCV  
  78  5:52  Bunker  
  78  5:53  Bunker  
  78  5:55  SCV  
  79  5:57  Starport Reactor  
  79  6:00  SCV  
  78  6:05  Marine  
  78  6:08  Marine  
  78  6:09  SCV  
  76  6:15  Siege Tank  
  73  6:20  Barracks Tech Lab  
  73  6:21  SCV  
  73  6:22  SCV  
  73  6:24  Barracks  
  69  6:25  Barracks  
  69  6:27  Marine  
  69  6:28  Marine x2, Stimpack  
  69  6:32  Refinery  
  69  6:33  Terran Infantry Weapons Level 1  
  69  6:36  Supply Depot  
  69  6:46  Marine x3, Missile Turret  
  69  6:47  Marine  
  72  6:48  Siege Tank  
  76  6:57  SCV x2  
  76  6:58  Supply Depot  
  78  7:03  Medivac  
  78  7:04  Marine x4  
  84  7:09  Command Center  
  84  7:11  Medivac  
  84  7:15  Barracks Tech Lab  
  86  7:18  Barracks Reactor  
  86  7:22  Marine x2  
  89  7:23  Marauder x2  
  89  7:26  SCV x2  
  93  7:35  Supply Depot  
  93  7:37  Supply Depot, Marauder  
  93  7:38  Combat Shield  
  93  7:40  Marine x2  
  99  7:44  Marauder x2  
  99  7:49  Supply Depot  
  101  7:57  Marine x3  
  101  7:58  Marine, Medivac  
  105  7:59  Marauder  
  105  8:01  Supply Depot  
  113  8:05  Marauder  
  113  8:06  Marauder, Medivac  
  113  8:12  SCV x2  
  117  8:15  Siege Tank, Marine x2  
  121  8:20  Marine x2  
  121  8:21  Marauder  
  121  8:26  SCV x2  
  129  8:27  Marauder  
  129  8:33  Marine x2  
  131  8:34  Terran Infantry Armor Level 1  
  131  8:37  Marine  
  131  8:38  SCV, Marine  
  134  8:45  Marauder, Marine  
  137  8:49  Siege Tank  
  137  8:50  SCV x2  
  137  8:51  Marine x2  
  137  8:53  Marauder  
  137  8:55  Marine x2  
  146  8:58  Missile Turret  
  148  9:03  Marauder  
  148  9:06  Marine  
  148  9:09  Marine x2  
  148  9:13  Marine  
  148  9:14  Marauder  
  148  9:15  SCV x2, Orbital Command  
  156  9:26  Marauder  
  152  9:31  Marine x2  
  152  9:32  Marauder  
  152  9:33  Viking x2  
  152  9:35  Marine  
  152  9:36  Marauder  
  150  9:42  SCV x2  
  150  9:45  Starport  
  148  9:48  Marauder, Factory Reactor, Marine  
  148  9:49  SCV  
  148  9:51  Marine x2  
  148  9:52  Marine  
  152  9:54  SCV x2  
  152  9:55  Command Center  
  155  10:05  SCV, Refinery x2  
  155  10:06  Supply Depot, SCV  
  157  10:11  Viking x2  
  157  10:13  Marine  
  157  10:14  Marauder, Marine  
  165  10:19  Supply Depot  
  165  10:27  Marine  
  165  10:28  SCV x3  
  166  10:40  SCV x2  
  166  10:41  Viking x2  
  166  10:44  Marine  
  166  10:45  Marauder, Marine  
  166  10:48  Viking x2  
  173  10:50  SCV  
  173  10:52  SCV x2  
  176  11:10  Orbital Command  
  174  11:11  SCV x3, Viking x2  
  174  11:13  Sensor Tower  
  174  11:14  Marine  
  174  11:17  Marine  
  174  11:18  Marauder, Viking x2  
  189  11:29  Marauder, Marine  
  189  11:32  Armory  
  192  11:37  Engineering Bay  
  192  11:38  Marauder, Marine  
  193  11:41  Viking  
  193  11:43  Viking  
  189  11:48  Viking  
  189  11:54  Viking  
  170  11:58  Marine x2  
  170  11:59  Marauder  
  170  12:00  Missile Turret  
  167  12:03  Marauder, Marine x2  
  167  12:07  Marauder  
  171  12:11  Viking  
  171  12:13  Viking  
  153  12:16  Marine x2  
  153  12:18  Viking  
  153  12:20  Marauder  
  153  12:21  Marine  
  153  12:22  Marine  
  133  12:23  Viking  
  133  12:25  Marauder  
  133  12:29  Marauder  
  128  12:34  Marine x2  
  130  12:38  Marine  
  130  12:40  Marine  
  130  12:41  SCV x3, Viking, Marauder  
  130  12:43  Viking  
  138  12:44  Terran Infantry Weapons Level 2  
  138  12:46  Marauder  
  138  12:47  Viking  
  138  12:50  Marauder  
  144  12:51  Terran Infantry Armor Level 2  
  144  12:52  Marine  
  144  12:54  Viking  
  147  13:04  Barracks  
  147  13:05  Marauder, Marine  
  149  13:06  Barracks  
  149  13:07  Barracks  
  149  13:08  Marine  
  149  13:09  Marauder  
  149  13:12  Terran Ship Weapons Level 1  
  153  13:13  Liberator  
  153  13:16  Marauder  
  153  13:17  Marine  
  153  13:18  Marine  
  160  13:25  Marine  
  160  13:26  Marauder  
  158  13:34  Marine  
  158  13:35  Marauder, Marine  
  158  13:36  Marine  
  158  13:38  Marauder  
  165  13:45  Marine  
  165  13:48  Marauder, Medivac x2  
  170  13:52  Viking, Marine  
  170  13:54  Command Center  
  175  13:56  Marauder, Viking  
  175  13:57  Marine x2  
  181  14:04  Barracks Tech Lab  
  181  14:05  Marine  
  181  14:06  Marauder  
  181  14:08  SCV  
  187  14:12  Marine x2  
  187  14:13  Marauder  
  187  14:17  Starport  
  189  14:18  Viking, Starport  
  189  14:22  Viking x2  
  189  14:24  Marauder  
  196  14:29  Armory  
  196  14:37  Marauder x3, Marine x4  
  196  14:38  Viking, Marine  
  196  14:45  Marauder  
  186  14:48  Viking  
  178  14:54  Marine x3  
  178  14:55  Marauder  
  178  14:56  Marine  
  178  14:58  Marine  
  178  14:59  Marauder x2, Viking x2  
  193  15:06  Viking x2, Marine  
  192  15:11  Orbital Command  
  192  15:12  Marine  
  193  15:16  Marauder  
  193  15:17  Marine  
  193  15:18  Marauder  
  198  15:22  Viking, Unknown  
  189  15:50  Marauder, Marine  
  189  15:53  Viking x4  
  189  15:54  Viking  
  189  15:55  Viking  
  198  16:00  Marine  
  198  16:01  Marauder  
  178  16:11  Marine  
  178  16:12  Marauder  
  178  16:17  Marine x3  
  178  16:18  Marauder, Missile Turret x2, Marine x2  
  185  16:20  Barracks, Missile Turret  
  185  16:23  Medivac  
  171  16:35  Viking  
  171  16:37  Viking, Marine  
  171  16:38  Marauder  
  171  16:39  Marine  
  147  16:40  Marauder  
  147  16:41  Marauder, Marine  
  147  16:42  Marine  
  147  16:43  Marauder, Marine  
Show
View Real Time Build Order
Export as new Build Order

Astrea Protoss - Winner!

Build Orders: 1 Gate Expand, Carriers, Zealot Archon 

Get SALT Encoding   

  12  0:00  Probe  
  13  0:12  Probe  
  14  0:19  Pylon  
  14  0:24  Probe  
  15  0:37  Probe (Chrono Boost)  
  15  0:38  Gateway  
  16  0:46  Probe (Chrono Boost)  
  16  0:48  Assimilator  
  17  0:51  Probe (Chrono Boost)  
  18  1:03  Probe  
  19  1:15  Probe  
  20  1:26  Cybernetics Core  
  20  1:35  Nexus  
  20  1:39  Probe  
  21  1:45  Pylon  
  21  1:51  Probe  
  21  1:54  Assimilator  
  22  2:03  Probe, Adept (Chrono Boost)  
  22  2:07  Warp Gate  
  25  2:12  Pylon  
  25  2:16  Probe  
  26  2:24  Stalker  
  26  2:28  Probe  
  29  2:40  Probe  
  30  2:49  Probe  
  31  2:52  Probe  
  31  2:58  Gateway  
  32  3:00  Sentry  
  32  3:01  Probe  
  32  3:05  Probe  
  36  3:08  Robotics Facility  
  36  3:13  Probe  
  36  3:17  Probe  
  38  3:23  Stalker (Chrono Boost)  
  38  3:25  Probe  
  41  3:29  Probe  
  42  3:38  Probe, Nexus  
  43  3:44  Probe  
  44  3:50  Probe  
  44  3:55  Stalker  
  47  3:58  Pylon  
  47  4:07  Pylon  
  47  4:12  Assimilator  
  47  4:13  Pylon  
  47  4:16  Probe x2  
  47  4:17  Observer  
  48  4:24  Stalker x2  
  48  4:28  Probe (Chrono Boost)  
  48  4:29  Probe (Chrono Boost)  
  54  4:35  Assimilator  
  54  4:38  Probe x2 (Chrono Boost)  
  54  4:43  Probe x2 (Chrono Boost)  
  56  4:50  Probe  
  57  4:55  Probe x2  
  57  4:56  Immortal  
  63  5:00  Forge, Robotics Bay  
  63  5:02  Probe (Chrono Boost)  
  63  5:06  Stalker  
  66  5:07  Probe (Chrono Boost)  
  66  5:08  Probe (Chrono Boost)  
  66  5:12  Sentry  
  71  5:14  Probe (Chrono Boost)  
  71  5:18  Probe x2 (Chrono Boost)  
  71  5:20  Probe (Chrono Boost)  
  74  5:22  Probe (Chrono Boost)  
  74  5:23  Probe (Chrono Boost)  
  76  5:29  Probe, Sentry  
  76  5:33  Probe  
  76  5:34  Probe  
  81  5:36  Stalker, Protoss Ground Weapons Level 1  
  84  5:47  Immortal (Chrono Boost)  
  80  5:52  Archon  
  80  5:53  Archon  
  80  5:55  Pylon  
  80  5:56  Pylon  
  83  5:58  Pylon  
  82  6:14  Probe  
  82  6:15  Probe  
  75  6:22  Stalker x2  
  79  6:29  Nexus  
  79  6:34  Probe x2  
  81  6:44  Pylon x2  
  81  6:46  Probe  
  82  6:48  Stargate  
  82  6:54  Observer  
  82  6:55  Probe  
  82  6:58  Extended Thermal Lance  
  82  7:00  Colossus (Chrono Boost)  
  83  7:03  Protoss Air Weapons Level 1  
  83  7:04  Probe  
  90  7:10  Probe  
  90  7:11  Sentry  
  90  7:14  Assimilator  
  93  7:16  Assimilator  
  93  7:19  Probe  
  93  7:22  Probe  
  95  7:26  Shield Battery  
  95  7:29  Phoenix  
  95  7:31  Probe  
  95  7:34  Probe  
  95  7:36  Pylon  
  97  7:41  Probe (Chrono Boost)  
  97  7:42  Fleet Beacon  
  99  7:44  Probe (Chrono Boost), Stargate  
  99  7:46  Protoss Ground Armor Level 1  
  99  7:48  Photon Cannon  
  99  7:52  Probe (Chrono Boost)  
  99  7:53  Probe (Chrono Boost)  
  102  7:58  Colossus (Chrono Boost)  
  102  8:01  Probe (Chrono Boost)  
  102  8:03  Probe (Chrono Boost)  
  109  8:06  Pylon  
  109  8:12  Photon Cannon, Shield Battery  
  109  8:24  Shield Battery  
  107  8:28  Tempest x2 (Chrono Boost)  
  117  8:35  Sentry x2  
  117  8:36  Pylon  
  117  8:37  Pylon  
  117  8:41  Pylon  
  121  8:44  Disruptor (Chrono Boost)  
  121  8:45  Pylon  
  122  8:51  Shield Battery  
  122  8:55  Pylon  
  122  8:56  Pylon  
  122  8:58  Pylon  
  122  9:02  Zealot x2  
  125  9:12  Tempest x2 (Chrono Boost)  
  135  9:17  Disruptor (Chrono Boost)  
  135  9:21  Pylon  
  130  9:32  Observer  
  125  9:40  Zealot x2  
  122  9:53  Nexus  
  122  9:56  Disruptor  
  122  9:58  Pylon  
  125  10:17  Photon Cannon  
  125  10:22  Shield Battery  
  125  10:24  Nexus, Photon Cannon  
  130  10:46  Disruptor  
  130  10:49  Carrier (Chrono Boost)  
  127  10:50  Probe x2  
  127  10:51  Carrier (Chrono Boost)  
  135  11:02  Probe, Cybernetics Core  
  136  11:09  Probe x2  
  138  11:11  Observer  
  138  11:22  Disruptor  
  141  11:27  Photon Cannon  
  141  11:28  Photon Cannon  
  141  11:52  Carrier (Chrono Boost)  
  131  11:54  Stalker x2  
  133  12:01  Stargate  
  133  12:02  Stargate  
  133  12:06  Probe  
  123  12:17  Probe  
  112  12:25  Probe x2  
  112  12:29  Probe  
  112  12:33  Pylon  
  112  12:37  Probe, Disruptor  
  122  12:46  Nexus, Carrier (Chrono Boost)  
  122  12:47  Carrier (Chrono Boost)  
  122  12:48  Carrier (Chrono Boost), Pylon  
  134  12:52  Shield Battery  
  134  12:53  Photon Cannon  
  134  12:58  Zealot  
  135  13:11  Protoss Air Weapons Level 2 (Chrono Boost)  
  133  13:18  Disruptor  
  136  13:28  Stalker x2  
  140  13:36  Photon Cannon, Shield Battery  
  140  13:40  Carrier (Chrono Boost)  
  146  13:51  Carrier (Chrono Boost)  
  146  13:54  Observer  
  153  14:01  Probe x4, Pylon  
  157  14:03  Zealot  
  159  14:17  Probe  
  159  14:18  Probe  
  159  14:19  Probe x2  
  159  14:20  Pylon, Twilight Council  
  159  14:22  Photon Cannon  
  163  14:35  Probe x2  
  163  14:36  Zealot  
  162  14:44  Disruptor (Chrono Boost)  
  162  14:45  Probe  
  164  14:46  Observer  
  162  14:54  Zealot  
  162  14:56  Carrier x2 (Chrono Boost)  
  176  15:04  Carrier (Chrono Boost)  
  176  15:09  Probe  
  177  15:20  Photon Cannon x2  
  172  15:39  Zealot x2  
  172  15:49  Carrier (Chrono Boost)  
  163  15:52  Carrier (Chrono Boost)  
  163  15:56  Nexus  
  174  16:03  Probe x3  
  170  16:15  Probe x2  
  172  16:22  Observer  
  165  16:33  Stalker x2  
Tags
 
Add a new tag
Caveats
  • Supply blocks, unpowered buildings, or Contaminate may cause inaccurate times.
  • Supply counts are checked every 10 seconds.